 Dungeon Crawl Stone Soup version 0.26.0-16-gc1dbca0489 (webtiles) character file.

Game seed: 7099882113937101324

217 kaeus the Firebug (level 5, -1/28 HPs)
             Began as a Gargoyle Fire Elementalist on Jan 22, 2021.
             Splashed by a jelly's acid (8 damage)
             ... on level 6 of the Dungeon.
             The game lasted 00:04:44 (3797 turns).

kaeus the Firebug (Gargoyle Fire Elementalist)      Turns: 3797, Time: 00:04:45

Health: -1/28      AC: -1    Str: 11    XL:     5   Next: 94%
Magic:  9/9        EV: 12    Int: 17    God:
Gold:   187        SH:  0    Dex: 10    Spells: 9/10 levels left

rFire    . . .     SeeInvis .   f - +2 short sword (venom)
rCold    . . .     Faith    .   (no shield)
rNeg     + . .     Spirit   .   a - +0 robe
rPois    ∞         Reflect  .   l - +0 helmet
rElec    +         Harm     .   t - scarf {+Inv}
rCorr    .         Rampage  .   (no gloves)
Will     .....                  (no boots)
Stlth    ++........             (no amulet)
HPRegen  0.09/turn              i - +4 ring of protection
MPRegen  0.11/turn              s - ring of wizardry

@: corroded
A: negative energy resistance 1, electricity resistance, unbreathing,
petrification resistance, miasma immunity, AC +4
a: Evoke Invisibility


You were on level 6 of the Dungeon.
You visited 1 branch of the dungeon, and saw 6 of its levels.

You collected 187 gold pieces.

Inventory:

Hand Weapons
 f - a +2 short sword of venom (weapon)
Armour
 a - a +0 robe (worn)
 l - a +0 helmet (worn)
 t - a scarf of invisibility (worn)
Jewellery
 i - a +4 ring of protection (left hand)
 s - a ring of wizardry (right hand)
Scrolls
 c - 2 scrolls of magic mapping {unknown}
 e - a scroll of noise {unknown}
 g - 3 scrolls of remove curse {unknown}
 h - 2 scrolls of teleportation {unknown}
 k - a scroll of fog {unknown}
 m - 3 scrolls of identify {unknown}
Potions
 d - a potion of magic {unknown}
 j - a potion of invisibility {unknown}
 n - 2 potions of curing {unknown}
 o - 2 potions of degeneration {unknown}
 p - a potion of berserk rage {unknown}
 q - a potion of might {unknown}
 r - 2 potions of haste {unknown}
 u - a potion of cancellation {unknown}


   Skills:
 - Level 2.1 Dodging
 - Level 3.1 Stealth
 + Level 3.1 Spellcasting
 + Level 2.9 Conjurations
 * Level 4.3 Fire Magic


You had 9 spell levels left.
You knew the following spells:

 Your Spells              Type           Power        Failure   Level
a - Foxfire               Conj/Fire      60%          1%          1

Your spell library contained the following spells:

 Spells                   Type           Power        Failure   Level
 Conjure Flame            Conj/Fire      15%          4%          3
 Inner Flame              Hex/Fire       10%          9%          3
 Sticky Flame             Conj/Fire      15%          16%         4
 Confusing Touch          Hex            2%           21%         3
 Gell's Gravitas          Tloc           1%           21%         3
 Fireball                 Conj/Fire      7%           38%         5
 Petrify                  Tmut/Erth      2%           52%         4
 Metabolic Englaciation   Hex/Ice        1%           86%         5
 Yara's Violent Unravell  Hex/Tmut       1%           86%         5


Dungeon Overview and Level Annotations

Branches:
Dungeon (6/15)
 Temple: D:4-7

Altars:
Trog

Annotations:
D:5 Edmund


Innate Abilities, Weirdness & Mutations

You are resistant to torment.
Your stone body is resilient. (AC +4)
You are immune to poison.
You resist negative energy. (rN+)
You are resistant to electric shocks. (rElec)
You can survive without breathing.
You are immune to petrification.
You are immune to miasma.


Message History

The jelly hits you but does no damage. The adder misses you.
You feel much better.
You kill the adder!
The jelly hits you. The acid corrodes you!
You are splashed with acid!
You regained 9 hp, and now have 15/28 hp.
You hit the jelly. The acid corrodes you!
Your hands burn!
The jelly is lightly wounded.
The jelly hits you but does no damage.
You take 3 damage, and have 12/28 hp.
You hit the jelly but do no damage. The acid corrodes you!
Your hands burn!
The jelly is lightly wounded.
The jelly barely misses you.
You take 1 damage, and have 11/28 hp.
You hit the jelly.
Your hands burn!
* * * LOW HITPOINT WARNING * * *
The jelly is lightly wounded.
The jelly hits you.
* * * LOW HITPOINT WARNING * * *
You are splashed with acid!
You die...

#.. #######
#..#.......
#..........
#..........
##..........
##...........
#...).J......
#....@......8
#............
#........._..
#............
#............
#............
.....#......#
......
#######


You could see a jelly.

Vanquished Creatures
  A hound (D:6)
  Jessica (D:2)
  Terence (D:2)
  A gnoll (D:6)
  4 adders
  A worm (D:3)
  2 dart slugs
  5 leopard geckos
  6 giant cockroaches
  6 goblins
  12 hobgoblins
  11 jackals
  2 quokkas
  9 bats
  6 kobolds
  4 rats
72 creatures vanquished.

Vanquished Creatures (others)
  170 foxfires
170 creatures vanquished.

Grand Total: 242 creatures vanquished

Notes
Turn   | Place    | Note
-------+----------+-------------------------------------------
     0 | D:1      | kaeus the Gargoyle Fire Elementalist began the quest for
                  | the Orb.
     0 | D:1      | Reached XP level 1. HP: 10/10 MP: 3/3
   279 | D:1      | Reached XP level 2. HP: 15/15 MP: 0/5
   877 | D:1      | Reached XP level 3. HP: 19/19 MP: 1/6
  1640 | D:2      | Noticed Jessica
  1646 | D:2      | Killed Jessica
  1647 | D:2      | Reached XP level 4. HP: 22/24 MP: 3/7
  1712 | D:2      | Noticed Terence
  1725 | D:2      | Killed Terence
  2335 | D:2      | Reached XP level 5. HP: 26/28 MP: 6/9
  2934 | D:3      | Reached skill level 4 in Fire Magic
  3727 | D:4      | You fall into a shaft and drop 1 floor!
  3727 | D:5      | Entered Level 5 of the Dungeon
  3728 | D:5      | Noticed Edmund
  3758 | D:5      | HP: 1/28 [white imp/puff of frost (3)]
  3780 | D:6      | Found a bloodstained altar of Trog.
  3797 | D:6      | Splashed by a jelly's acid

Illustrated notes

Levels and vault maps discovered:
D:1:      minmay_arrival_semitransparent, layout_loops_ring
D:2:      layout_loops_cross, uniq_jessica, uniq_terence
D:3:      layout_loops_ring, serial_glass, glass_columns_a, glass_columns_a,
          feat_on_display, due_unseen_surprise, feat_on_display,
          minmay_strange_pillars
D:4:      layout_basic, minmay_temple_entry_glass, minmay_hollow_rounded_squares
D:5:      layout_basic, makhleb_altar_promises_db, trog_eyes_of_draining,
          uniq_edmund
D:6:      layout_cave_pods, grunt_temple_overflow_open, uniq_prince_ribbit1,
          uniq_grinder

Skill      XL: |  1  2  3  4  5 |
---------------+----------------+-----
Dodging        | 2 |  2.1
Conjurations   | 2 |  2.9
Stealth        | 3 |  3.1
Fire Magic     | 4 |  4.3
Spellcasting   | 3 |  3.1

Action                   |  1- 3 |  4- 6 || total
-------------------------+-------+-------++-------
Melee: Short sword       |    50 |    46 ||    96
 Cast: Foxfire           |    51 |   107 ||   158
  Use: Potion            |       |     3 ||     3
Armor: Robe              |    19 |    44 ||    63
Dodge: Dodged            |    45 |    82 ||   127
